 Dungeon Crawl Stone Soup version 0.19.5 (console) character file.

464 Grinner the Sneak (level 6, -3/32 HPs)
             Began as a Spriggan Monk on Mar 6, 2017.
             Slain by an orc priest
             ... wielding a +0 flail
              (12 damage)
             ... on level 5 of the Dungeon.
             The game lasted 00:08:10 (3891 turns).

Grinner the Sneak (Spriggan Monk)                   Turns: 3891, Time: 00:08:11

Health: -3/32      AC:  4    Str:  8    XL:     6   Next: 80%
Magic:  7/7        EV: 23    Int: 16    God:
Gold:   140        SH:  0    Dex: 20    Spells: 0 memorised, 5 levels left

rFire  . . .     SeeInvis +     a - +1 long sword (holy)
rCold  . . .     Gourm    .     p - +0 robe
rNeg   . . .     Faith    .     (shield restricted)
rPois  +         Spirit   .     (helmet restricted)
rElec  .         Reflect  .     l - +1 cloak
rCorr  .         Harm     .     (gloves unavailable)
MR     +....                    (boots unavailable)
Stlth  ++++......               (no amulet)
                                q - ring of poison resistance
                                (no ring)

@: brilliant, very quick
A: unfitting armour, see invisible, herbivore 3, speed 3, slow metabolism 2
a: no special abilities


You were on level 5 of the Dungeon.
You were hungry.

You visited 1 branch of the dungeon, and saw 5 of its levels.

You collected 140 gold pieces.

Inventory:

Hand Weapons
 a - a +1 long sword of holy wrath (weapon)
 b - a +2 falchion
Armour
 l - a +1 cloak (worn)
 p - a +0 robe (worn)
Jewellery
 q - a ring of poison resistance (right hand)
Wands
 e - a wand of disintegration (17/24)
Scrolls
 d - 2 scrolls of fog
 g - 2 scrolls of blinking
 h - a scroll of magic mapping
 r - a scroll of remove curse
Potions
 j - a potion of curing
 k - a potion of lignification
 n - a potion of agility {unknown}
 o - a potion of heal wounds {unknown}
 s - a potion of cure mutation {unknown}
Comestibles
 c - 5 bread rations
 i - 5 fruits
 m - a royal jelly


   Skills:
 - Level 2.4 Fighting
 * Level 4.9 Long Blades
 + Level 6.4 Dodging
 + Level 6.5 Stealth


You had 5 spell levels left.
You didn't know any spells.

Dungeon Overview and Level Annotations

Branches:
Dungeon (5/15)
 Temple: D:4-7

Altars:
Dithmenos
Qazlal
Uskayaw


Innate Abilities, Weirdness & Mutations

You are very small and have problems with some larger weapons.
You are too small for most types of armour.
You have supernaturally acute eyesight. (SInv)
You are a herbivore.
You cover ground extremely quickly.
You need consume almost no food.


Message History

The orc priest is moderately wounded.
The orc shouts!
The orc priest barely misses you.
You hit the orc priest.
The orc priest is severely wounded.
The orc priest misses you. The orc hits you with a club.
You barely miss the orc priest.
The orc priest is severely wounded.
The orc priest invokes the aid of Beogh against you.
Beogh smites you!
Ouch! That really hurt!
* * * LOW HITPOINT WARNING * * *
The orc completely misses you.
You riposte.
You hit the orc but do no damage. The orc priest hits you with a flail.
* * * LOW HITPOINT WARNING * * *
You feel better. The orc completely misses you.
You hit the orc priest.
The orc priest is almost dead.
The orc priest hits you with a flail!
You die...

#.##.....# ###.#
#..'.)...+ #....
#####.##(....####.#.#
.#...............#.#.#
...............#.#.#.#
#................#...#
#......(..###......#.#
##.###.oo..........#.###
# #†#@####......#...#
#.#.........#####.#
#.#############<#.#
..o##......# #....#
..##......# ######
...%.......+
...........#
.....oo.....####
...##o.....l...


You could see an orc priest and an orc.

Vanquished Creatures
  Menkaure (D:4)
  A crimson imp (D:5)
  An orc priest (D:5)
  3 orc wizards
  3 worker ants (D:4)
  A howler monkey skeleton (D:4)
  4 adders
  An ooze (D:3)
  An adder skeleton (D:3)
  2 worms (D:3)
  A dart slug (D:3)
  2 leopard geckos
  20 orcs
  3 giant cockroaches
  7 goblins
  2 hobgoblins
  5 kobolds
  A ball python (D:4)
  5 bats (D:3)
  2 frilled lizards
  A giant cockroach zombie (D:5)
  A leopard gecko skeleton (D:4)
  4 rats
72 creatures vanquished.

Notes
Turn   | Place    | Note
-------+----------+-------------------------------------------
     0 | D:1      | Grinner the Spriggan Monk began the quest for the Orb.
     0 | D:1      | Reached XP level 1. HP: 11/11 MP: 2/2
   656 | D:1      | Reached XP level 2. HP: 16/16 MP: 3/3
  1219 | D:3      | Reached XP level 3. HP: 19/19 MP: 4/4
  1606 | D:3      | Reached skill level 5 in Dodging
  1613 | D:3      | Reached XP level 4. HP: 18/23 MP: 5/5
  2160 | D:3      | Found a stormy altar of Qazlal.
  2439 | D:4      | Reached skill level 5 in Stealth
  2480 | D:4      | Reached XP level 5. HP: 16/27 MP: 6/6
  2632 | D:4      | Found a hide-covered altar of Uskayaw.
  2662 | D:4      | Found a shadowy altar of Dithmenos.
  2702 | D:4      | Noticed Menkaure
  2712 | D:4      | Killed Menkaure
  2712 | D:4      | Reached XP level 6. HP: 26/32 MP: 7/7
  3154 | D:5      | Entered Level 5 of the Dungeon
  3889 | D:5      | HP: 1/32 [orc priest/flail (5)]
  3891 | D:5      | Slain by an orc priest

Skill      XL: |  1  2  3  4  5  6 |
---------------+-------------------+-----
Long Blades    | 3 4 |  4.9
Stealth        | 4 5 6 |  6.5
Dodging        | 5 6 |  6.4
Fighting       | |  2.4

Action                   |  1- 3 |  4- 6 || total
-------------------------+-------+-------++-------
Melee: Falchion          |    87 |    80 ||   167
       Long sword        |       |    47 ||    47
  Use: Scroll            |     7 |     4 ||    11
       Potion            |       |     8 ||     8
 Stab: Sleeping          |     8 |     2 ||    10
Armor: Robe              |    12 |    12 ||    24
Dodge: Dodged            |    78 |   139 ||   217
       Rpst.: Falchion   |    32 |    27 ||    59
       Long sword        |       |    11 ||    11
